 Dungeon Crawl Stone Soup version 0.28-a0-983-g1de4e0787c (webtiles) character file.

Game seed: 4045185235156562153

103 bearlyready the Poker (level 4, -12/35 HPs)
             Began as a Merfolk Fighter on Dec 2, 2021.
             Killed from afar by a steam dragon (19 damage)
             ... with a ball of steam
             ... on level 4 of the Dungeon.
             The game lasted 00:02:27 (2607 turns).

bearlyready the Poker (Merfolk Fighter)             Turns: 2607, Time: 00:02:27

Health: -12/35     AC:  7    Str: 18    XL:     4   Next: 79%
Magic:  4/4        EV:  9    Int:  7    God:
Gold:   207        SH:  4    Dex: 13    Spells: 3/3 levels left

rFire   . . .      SeeInvis .   a - +0 trident
rCold   . . .      Faith    .   c - +0 buckler
rNeg    . . .      Spirit   .   b - +0 scale mail
rPois   .          Reflect  .   (no helmet)
rElec   .          Harm     .   (no cloak)
rCorr   .          Rampage  .   (no gloves)
Will    .....                   u - +0 pair of boots
Stlth   ..........              (no amulet)
HPRegen 0.11/turn               (no ring)
MPRegen 0.09/turn               (no ring)

@: mighty
A: (nimble swimmer 2), mertail
a: no special abilities


You were on level 4 of the Dungeon.
You visited 1 branch of the dungeon, and saw 4 of its levels.

You collected 207 gold pieces.

Inventory:

Hand Weapons
 a - a +0 trident (weapon)
Missiles
 e - 122 stones (quivered)
 k - 38 arrows
 n - 27 bolts
 p - 6 javelins
 w - 4 poisoned darts
Armour
 b - a +0 scale mail (worn)
 c - a +0 buckler (worn)
 u - a +0 pair of boots (worn)
Jewellery
 g - a +4 ring of evasion
 h - a ring of willpower
 o - an amulet of reflection
Scrolls
 f - a scroll of fear {unknown}
 l - a scroll of teleportation {unknown}
 m - 2 scrolls of fog {unknown}
 t - 4 scrolls of identify {unknown}
 v - a scroll of enchant weapon {unknown}
 x - a scroll of noise {unknown}
Potions
 i - a potion of lignification {unknown}
 j - a potion of mutation {unknown}
 q - a potion of attraction {unknown}
 r - a potion of cancellation {unknown}
 s - a potion of magic {unknown}
 z - a potion of heal wounds {unknown}
 A - a potion of experience {unknown}
 B - a potion of brilliance {unknown}


   Skills:
 - Level 3.2 Fighting
 + Level 7.0 Polearms
 - Level 2.1 Armour
 - Level 3.0 Shields


You had 3 spell levels left.
You didn't know any spells.
Your spell library contained the following spells:

 Spells                   Type           Power      Damage    Failure   Level
 Corpse Rot               Necr/Air       0%         N/A       95%         2
 Gell's Gravitas          Tloc           0%         N/A       99%         3
 Teleport Other           Tloc           0%         N/A       99%         3
 Tukima's Dance           Hex            0%         N/A       99%         3
 Dispel Undead            Necr           0%         3d6       100%        4
 Passage of Golubria      Tloc           0%         N/A       100%        4
 Yara's Violent Unravell  Hex/Tmut       0%         3d3       100%        5
 Death Channel            Necr           0%         N/A       100%        6
 Dispersal                Tloc           0%         N/A       100%        6


Dungeon Overview and Level Annotations

Branches:
Dungeon (4/15)
 Temple: D:4-7

Altars:
Fedhas
Hepliaklqana
Uskayaw

Shops:
D:3 *


Innate Abilities, Weirdness & Mutations

((You are quick and stealthy near water. (Stealth+, EV+, Speed+++)))
Your lower body shifts to a powerful aquatic tail in water.


Message History

The steam dragon is moderately wounded.
You barely miss the steam dragon.
The steam dragon is moderately wounded.
The steam dragon barely misses you. The steam dragon claws you.
You hit the steam dragon.
The steam dragon is heavily wounded.
The steam dragon breathes steam at you. The ball of steam misses you.
The steam dragon breathes steam at you. The ball of steam hits you!
A ball python comes into view.
The ball python hisses angrily.
You barely miss the steam dragon.
The steam dragon is heavily wounded.
You are engulfed in a cloud of scalding steam.
The steam dragon bites you. The steam dragon barely misses you.
You aren't carrying any items that you can evoke.
Unknown command.
You feel very mighty all of a sudden.
You are engulfed in a cloud of scalding steam.
The steam dragon closely misses you.
The steam dragon claws you but does no damage.
You hit the steam dragon.
The steam dragon is severely wounded.
You are engulfed in a cloud of scalding steam.
You block the steam dragon's attack.
The steam dragon claws you but does no damage.
You closely miss the steam dragon.
The steam dragon is severely wounded.
You are engulfed in a cloud of scalding steam.
The steam dragon bites you but does no damage.
The steam dragon claws you.
You hit the steam dragon.
The steam dragon is almost dead.
You are engulfed in a cloud of scalding steam.
* * * LOW HITPOINT WARNING * * *
The steam dragon breathes steam at you. The ball of steam hits you!!
Ouch! That really hurt!
You die...

##..................
......................<.
......:.................
....$...................
.......§................
.......................#
...).......§†...........
......S....§.[...###....
.......@.............###
#.....#D.............#
###.# ####.......###.#
.. ###...#.# .. .
....#... # .....(.##
...... ......


You could see a steam dragon (catching breath) and a ball python.

Vanquished Creatures
  4 adders
  2 worms (D:3)
  3 dart slugs
  5 orcs (D:3)
  5 endoplasms
  A giant cockroach (D:4)
  3 goblins
  2 hobgoblins
  5 quokkas
  5 ball pythons
  3 bats
  3 frilled lizards
  6 kobolds
  5 rats
52 creatures vanquished.

Notes
Turn   | Place    | Note
-------+----------+-------------------------------------------
     0 | D:1      | bearlyready the Merfolk Fighter began the quest for the
                  | Orb.
     0 | D:1      | Reached XP level 1. HP: 18/18 MP: 1/1
   226 | D:1      | Reached skill level 4 in Polearms
   226 | D:1      | Reached XP level 2. HP: 23/24 MP: 2/2
   616 | D:2      | Reached skill level 5 in Polearms
   616 | D:2      | Reached XP level 3. HP: 29/29 MP: 3/3
  1217 | D:2      | Found a faded altar of an unknown god.
  1357 | D:2      | Reached skill level 6 in Polearms
  1368 | D:2      | Reached XP level 4. HP: 35/35 MP: 4/4
  2189 | D:3      | Found Lownuesa's Assorted Antiques.
  2339 | D:3      | Found a hazy altar of Hepliaklqana.
  2339 | D:3      | Found a blossoming altar of Fedhas.
  2430 | D:3      | Found a hide-covered altar of Uskayaw.
  2575 | D:4      | Reached skill level 7 in Polearms
  2595 | D:4      | Noticed a steam dragon
  2607 | D:4      | Killed from afar by a steam dragon

Illustrated notes

Levels and vault maps discovered:
D:1:      minmay_arrival_open_corners, layout_loops_ring,
          minmay_misc_feat_pillars
D:2:      layout_basic, shapermc_ecumenical_altar_venn,
          chequers_decorated_corner, minmay_crystal_water
D:3:      layout_basic, mainiacjoe_overflow_cross_hatched,
          gammafunk_temple_overflow_pools, serial_shops,
          nicolae_shop_hallway_stairs
D:4:      layout_rooms, okawaru_metal_pillars_3

Skill      XL: |  1  2  3  4 |
---------------+-------------+-----
Polearms       | 4 5 6 7 |  7.0
Fighting       | |  3.2
Armour         | |  2.1
Shields        | |  3.0

Action                   |  1- 3 |  4- 6 || total
-------------------------+-------+-------++-------
Melee: Trident           |    85 |    83 ||   168
  Use: Potion            |       |     1 ||     1
Armor: Scale mail        |    23 |    23 ||    46
Dodge: Dodged            |    23 |    29 ||    52
Block: Buckler           |    11 |     6 ||    17

Table legend: (Time is in decaauts)
 A = Elapsed time spent in this place.
 B = Non-inter-level travel time spent in this place.
 C = Inter-level travel time spent in this place.
 D = Time resting spent in this place.
 E = Time spent auto-exploring this place.
 F = Levels seen in this place.
 G = Mean time per level.
                   A        B        C        D        E       F      G
               +--------+--------+--------+--------+--------+-----+--------+
         Total |   2608 |   2545 |     63 |      0 |   2159 |   4 |  652.0 |
       Dungeon |   2608 |   2545 |     63 |      0 |   2159 |   4 |  652.0 |
               +--------+--------+--------+--------+--------+-----+--------+

Top non-repeatable levels by time:
     D:2: 1032 daAuts
     D:3: 918 daAuts
     D:1: 614 daAuts
     D:4: 42 daAuts
